[Event "*** SCC Grand Prix: Titled Tuesday Blitz"]
[Site "Chess.com"]
[Date "2020.07.14"]
[Round "8"]
[White "artichaud"]
[Black "northridgehawk"]
[Result "0-1"]
[WhiteElo "2078"]
[BlackElo "2355"]
[TimeControl "180+1"]
[EndTime "11:34:48 PDT"]
[Termination "northridgehawk won on time"]

1. e4 e5 2. Nf3 Nc6 3. d3 Bc5 4. Be2 d6 5. c3 a6 6. O-O Nf6 7. b4 Ba7 8. Nbd2 h6 9. a3 g5 10. Nc4 g4 11. Nfd2 Rg8 12. Ne3 h5 13. Kh1 Be6 14.
Ndc4 Bxc4 15. Nxc4 d5 16. exd5 Nxd5 17. Qc2 Qe7 18. Ne3 Nf4 19. Nc4 O-O-O 20. Bxf4 exf4 21. d4 Qf6 22. Bd3 f3 23. Rfe1 fxg2+ 24. Kg1 Rxd4 25.
cxd4 Nxd4 26. Rac1 Nxc2 27. Rxc2 Rd8 28. Be4 h4 29.
Bxg2 g3 30. hxg3 hxg3 0-1

[Event "*** SCC Grand Prix: Titled Tuesday Blitz"]
[Site "Chess.com"]
[Date "2020.07.14"]
[Round "8"]
[White "GaboSalazar2001"]
[Black "aripov96"]
[Result "0-1"]
[WhiteElo "2299"]
[BlackElo "2429"]
[TimeControl "180+1"]
[EndTime "11:34:50 PDT"]
[Termination "aripov96 won by resignation"]

1. e4 c5 2. Nf3 Nc6 3. d4 cxd4 4. Nxd4 g6 5. c4 Nf6 6. Be3 Nxe4 7. Bd3 Qa5+ 8. Nd2 Nxd2 9. Bxd2 Qb6 10. Nb3 Bg7 11. O-O O-O 12. c5 Qd8 13. Qc2 a5 14. a4 d6 15. Rad1 Be6 16. Be3 Nb4 17. Qe2 Bxb3 18. Rc1 Nxd3 19. Qxd3 Bxa4 20. b3 Bc6 21. Rfd1 dxc5 22.
Qc4 Qc8 23. Qxc5 Qg4 24. g3 Qf3 25. Kf1 Qg2+ 26. Ke2 Bf3+ 27. Ke1 Bxd1 28. Rxd1 Rac8 29. Qxe7 Rc2 30. Bd2 Qf3 31. Qe3 Qxe3+ 32. Bxe3 Bc3+ 33.
Kf1 Rb2 34. Bc5 Rxb3 35. Rd3 Rc8 36. Bb6 a4 37. Kg2 Rxb6 0-1

[Event "*** SCC Grand Prix: Titled Tuesday Blitz"]
[Site "Chess.com"]
[Date "2020.07.14"]
[Round "8"]
[White "XxPetroffsxX"]
[Black "Shushik"]
[Result "1-0"]
[WhiteElo "1973"]
[BlackElo "2204"]
[TimeControl "180+1"]
[EndTime "11:34:50 PDT"]
[Termination "XxPetroffsxX won by resignation"]

1. e4 e5 2. Nf3 Nc6 3. Bb5 Nf6 4.
Qe2 d6 5. c3 a6 6. Ba4 g6 7. d4 b5 8. Bb3 Bg7 9. dxe5 dxe5 10.
O-O O-O 11. Rd1 Qe7 12. a4 Bg4 13. Nbd2 Na5 14. Bc2 b4 15. h3 Bxf3 16. Nxf3 bxc3 17.
bxc3 Rfd8 18. Ba3 Qe6 19. Bb4 Nc6 20. Ng5 Qe8 21. Bb3 Rxd1+ 22. Rxd1 Nd8 23. Qc4 Bh6 24.
Rxd8 Rxd8 25. Nxf7 Kg7 26. Nxd8 Qxd8 27. Qf7+ Kh8 28. Be7 1-0

[Event "*** SCC Grand Prix: Titled Tuesday Blitz"]
[Site "Chess.com"]
[Date "2020.07.14"]
[Round "8"]
[White "WelshTiger"]
[Black "kidagent"]
[Result "1-0"]
[WhiteElo "2366"]
[BlackElo "2220"]
[TimeControl "180+1"]
[EndTime "11:34:51 PDT"]
[Termination "WelshTiger won by resignation"]

1. e4 c5 2. Nf3 d6 3. d4 cxd4 4. Nxd4 Nf6 5. Nc3 a6 6. Be2 e5 7. Nf3 Be7 8. Bg5 Be6 9. Bxf6 gxf6 10. Nd5 Nc6 11. O-O Rg8 12. Re1 f5 13. exf5 Bxf5 14. c3 Qa5 15. Nxe7 Kxe7 16. Bc4 Rad8 17. Bd5 Rd7 18.
Nh4 Be6 19. Bxe6 fxe6 20. Qh5 Kd8 21. Qh6 Re7 22. Rad1 Kc7 23. Rxd6 Kxd6 24. Nf5+ Kd7 25. Rd1+ Ke8 26. Nd6+ Kd7 27. Nc4+ Qd5 28. Nb6+ 1-0

[Event "*** SCC Grand Prix: Titled Tuesday Blitz"]
[Site "Chess.com"]
[Date "2020.07.14"]
[Round "8"]
[White "Kotofeyca"]
[Black "harkerchess"]
[Result "1-0"]
[WhiteElo "2315"]
[BlackElo "2098"]
[TimeControl "180+1"]
[EndTime "11:34:51 PDT"]
[Termination "Kotofeyca won by checkmate"]

1. d4 d5 2. c4 c6 3. Nc3 Nf6 4. cxd5 cxd5 5. Bf4 e6 6. e3 a6 7. Nf3 Nc6 8. Bd3 Be7 9. Qe2 O-O 10. h3 Bd7 11. O-O Rc8 12. Rfc1 b5 13. a4 b4 14. Na2 a5 15. Ba6 Rb8 16. Bb5 Qb6 17. Bxb8 Rxb8 18.
b3 Rd8 19. Rc2 Nb8 20. Nc1 Bxb5 21. Qxb5 Qa7 22. Nd3 Nbd7 23. Nde5 Nb8 24. Rac1 Ne4 25. Rc7 Qa8 26. Rxe7 Na6 27. Qc6 Nc3 28. Qxa8 Rxa8 29. Kf1 f6 30. Nc6 Rc8 31. Nxa5 e5 32. Ra7 e4 33.
Rxa6 exf3 34. gxf3 Rc6 35. Rxc6 Na2 36. R1c5 Nc1 37.
Rxc1 Kf7 38. Rd6 Kg6 39. Rc7 h5 40. Rdd7 Kh6 41. Rxg7 h4 42. Rg1 f5 43. f4 Kh5 44.
Rh7# 1-0

[Event "*** SCC Grand Prix: Titled Tuesday Blitz"]
[Site "Chess.com"]
[Date "2020.07.14"]
[Round "8"]
[White "allvim"]
[Black "ChelsieMonica"]
[Result "0-1"]
[WhiteElo "2243"]
[BlackElo "2412"]
[TimeControl "180+1"]
[EndTime "11:34:53 PDT"]
[Termination "ChelsieMonica won by checkmate"]

1. e4 e5 2. Nf3 Nc6 3. Bc4 Bc5 4. O-O Nf6 5. d4 Bxd4 6. Nxd4 Nxd4 7. Bg5 h6 8. Bh4 d6 9. f4 Qe7 10. Na3 c6 11. c3 Ne6 12. fxe5 dxe5 13. Bxf6 gxf6 14.
Bxe6 Bxe6 15. Qf3 O-O-O 16. Qxf6 Qc5+ 17. Qf2 Qa5 18. Kh1 Rhg8 19. Rad1 Qa4 20. Rde1 Rg4 21. Nc2 Rf4 22. Qe2 Bc4 23. Qh5 Bxf1 24. Rxf1 Rxf1# 0-1

[Event "*** SCC Grand Prix: Titled Tuesday Blitz"]
[Site "Chess.com"]
[Date "2020.07.14"]
[Round "8"]
[White "Evachess2006"]
[Black "Margarita2907"]
[Result "0-1"]
[WhiteElo "1611"]
[BlackElo "2083"]
[TimeControl "180+1"]
[EndTime "11:34:54 PDT"]
[Termination "Margarita2907 won by resignation"]

1. e4 c5 2. c3 d5 3. exd5 Qxd5 4.
d4 Nf6 5. Nf3 e6 6. Bb5+ Bd7 7.
Bxd7+ Nbxd7 8. O-O Be7 9. dxc5 Qxc5 10. Be3 Qc7 11. Nbd2 O-O 12. Qc2 Rfd8 13. Rad1 Bc5 14. Rfe1 Bxe3 15. Rxe3 Nd5 16. Ree1 Nc5 17. Ne4 Nxe4 18.
Qxe4 Nf6 19. Qe5 Qb6 20. Qe2 Rd5 21. Rxd5 Nxd5 22. c4 Nf6 23. b3 h6 24. Rd1 a5 25.
h3 a4 26. Qc2 axb3 27. Qxb3 Qc7 28. a3 Ne4 29. Nd4 Nc5 30. Qb5 Rxa3 31. Rb1 Rd3 32. Nb3 Nxb3 0-1

[Event "*** SCC Grand Prix: Titled Tuesday Blitz"]
[Site "Chess.com"]
[Date "2020.07.14"]
[Round "8"]
[White "AttilaTurzo"]
[Black "eightbyeightchess"]
[Result "0-1"]
[WhiteElo "2477"]
[BlackElo "2417"]
[TimeControl "180+1"]
[EndTime "11:34:56 PDT"]
[Termination "eightbyeightchess won by checkmate"]

1. e4 d5 2. exd5 Nf6 3. d4 Bg4 4. Nf3 Qxd5 5. Be2 Nc6 6. O-O O-O-O 7. Be3 e6 8. Nbd2 Bd6 9. Re1 h5 10. c4 Qf5 11. Qa4 h4 12. c5 Bf4 13. b4 Nd5 14.
b5 Nb8 15. Nc4 Nc3 16. Qxa7 Nxe2+ 17. Rxe2 Bxf3 18. gxf3 Rh6 19. Na5 Rg6+ 20. Kh1 Qh3 21. Qxb7+ Kd7 22. Rg1 Qxh2# 0-1

[Event "*** SCC Grand Prix: Titled Tuesday Blitz"]
[Site "Chess.com"]
[Date "2020.07.14"]
[Round "8"]
[White "SilviusTiberius"]
[Black "jonychess03"]
[Result "1-0"]
[WhiteElo "2485"]
[BlackElo "2310"]
[TimeControl "180+1"]
[EndTime "11:34:56 PDT"]
[Termination "SilviusTiberius won on time"]

1. e4 e6 2. d4 d5 3. Nc3 Bb4 4. exd5 exd5 5. Bd3 Ne7 6. Nf3 h6 7. O-O O-O 8. Ne2 Bd6 9. Ng3 Bg4 10. h3 Bxg3 11.
hxg4 Bd6 12. g5 h5 13. Ne5 g6 14. f4 Nd7 15. c3 c5 16. Be3 cxd4 17. cxd4 Re8 18.
g4 hxg4 19. Qxg4 Nxe5 20. fxe5 Bc7 21. e6 Rf8 22. exf7+ Rxf7 23. Rxf7 Kxf7 24. Rf1+ Kg7 25. Qe6 Qe8 26. Qf6+ Kg8 27. Rf3 Nf5 28. Bxf5 gxf5 29.
Rh3 1-0

[Event "*** SCC Grand Prix: Titled Tuesday Blitz"]
[Site "Chess.com"]
[Date "2020.07.14"]
[Round "8"]
[White "MariaFominykh"]
[Black "grandcoach"]
[Result "0-1"]
[WhiteElo "2257"]
[BlackElo "2116"]
[TimeControl "180+1"]
[EndTime "11:34:57 PDT"]
[Termination "grandcoach won by resignation"]

1. Nf3 d5 2. g3 Nf6 3. Bg2 g6 4. O-O Bg7 5. d3 O-O 6. Nbd2 b6 7. e4 dxe4 8. dxe4 Bb7 9. e5 Ng4 10. Re1 Nd7 11. e6 fxe6 12. Qe2 Nc5 13. Rb1 Kh8 14. b4 Na4 15. Qxe6 Nxf2 16. Kxf2 Nc3 17. Bb2 Qxd2+ 18. Kg1 Bxf3 19. Bxf3 Rxf3 20. Rf1 Ne2+ 21. Kh1 Rxf1+ 22. Rxf1 Bxb2 23. Qe4 Rg8 24. Qxe7 Qd5+ 0-1

[Event "*** SCC Grand Prix: Titled Tuesday Blitz"]
[Site "Chess.com"]
[Date "2020.07.14"]
[Round "8"]
[White "PawnEatingZombie"]
[Black "sotochess"]
[Result "0-1"]
[WhiteElo "2223"]
[BlackElo "2437"]
[TimeControl "180+1"]
[EndTime "11:35:01 PDT"]
[Termination "sotochess won by resignation"]

1. d4 Nf6 2. c4 c6 3. Nc3 d5 4. e3 g6 5. Nf3 Bg7 6. Bd3 O-O 7.
O-O dxc4 8. Bxc4 c5 9. dxc5 Qc7 10. e4 Qxc5 11. Qb3 Nc6 12. Be3 Qh5 13. Be2 Ng4 14. Bf4 Qa5 15. Rfd1 Nf6 16. Nd5 Nxe4 17. Bc7 Qc5 18. Qe3 Qxe3 19. Nxe3 Bxb2 20. Rab1 Bg7 21. Rb3 Nc3 22. Rd2 Nxe2+ 23. Rxe2 b6 24. Rc2 Nd4 25. Nxd4 Bxd4 26. Nd5 e6 27. Ne7+ Kg7 28. Rd2 Bf6 29. Nc6 Bb7 30. Na5 Bd5 0-1

[Event "*** SCC Grand Prix: Titled Tuesday Blitz"]
[Site "Chess.com"]
[Date "2020.07.14"]
[Round "8"]
[White "andrzej"]
[Black "stolencandy13"]
[Result "1-0"]
[WhiteElo "2209"]
[BlackElo "2401"]
[TimeControl "180+1"]
[EndTime "11:35:05 PDT"]
[Termination "andrzej won by resignation"]

1. d4 Nf6 2. c4 e5 3. dxe5 Ng4 4. Bf4 Nc6 5. Nf3 Bb4+ 6. Nc3 Qe7 7. Qd5 f6 8. exf6 Nxf6 9. Qd3 d6 10. g3 O-O 11. Bg2 Ne4 12. O-O Nxc3 13. bxc3 Bc5 14. Nd4 Ne5 15. Qe3 Re8 16. Rab1 c6 17. Rfd1 Nxc4 18.
Qxe7 Rxe7 19. Nb3 Bf5 20. e4 Bxe4 21. Bxe4 Rxe4 22. Nxc5 dxc5 23. Rxb7 Nb6 24. Be3 Nd5 25.
Bxc5 Nxc3 26. Rdd7 Rg4 27. Kg2 Nxa2 28. Bd4 Re8 29.
Bxg7 Rxg7 30. Rxg7+ 1-0

[Event "*** SCC Grand Prix: Titled Tuesday Blitz"]
[Site "Chess.com"]
[Date "2020.07.14"]
[Round "8"]
[White "CrushingKings"]
[Black "mjray79"]
[Result "1-0"]
[WhiteElo "2537"]
[BlackElo "2341"]
[TimeControl "180+1"]
[EndTime "11:35:08 PDT"]
[Termination "CrushingKings won by resignation"]

1. e4 e5 2. Nf3 Nc6 3. Bc4 Bc5 4. c3 Nf6 5. d3 O-O 6. O-O d5 7. exd5 Nxd5 8. a4 a5 9. Nbd2 Nb6 10.
Bb5 Bd6 11. Re1 Bg4 12. h3 Bh5 13. Ne4 f5 14. Ng3 Bxf3 15. Qxf3 Qf6 16. Bxc6 bxc6 17. Qxc6 Rae8 18. b4 axb4 19. a5 Nc8 20. cxb4 e4 21.
Bd2 Bxg3 22. Qc4+ Kh8 23. fxg3 Qg6 24. Bf4 Nd6 25. Qxc7 Nb5 26. Qc5 exd3 27. Qxb5 h6 28. Qxd3 Rd8 29. Qf3 Qf6 30. a6 Qb6+ 31. Kh2 Qxb4 32.
a7 Ra8 33. Reb1 Qc5 34. Rb8 Rxa7 35. Rxf8+ Qxf8 36. Rxa7 Qc5 37. Qe3 Qc4 38. Qe7 Qd4 39. Be5 1-0

[Event "*** SCC Grand Prix: Titled Tuesday Blitz"]
[Site "Chess.com"]
[Date "2020.07.14"]
[Round "8"]
[White "Angry_Twin"]
[Black "ChessicallyInclined"]
[Result "0-1"]
[WhiteElo "2741"]
[BlackElo "2516"]
[TimeControl "180+1"]
[EndTime "11:35:11 PDT"]
[Termination "ChessicallyInclined won by checkmate"]

1. d4 Nf6 2. Bf4 b6 3. c3 Bb7 4. e3 e6 5. Nf3 c5 6. Be2 Nc6 7. O-O Be7 8. h3 O-O 9. Nbd2 d5 10. Re1 Bd6 11. Bxd6 Qxd6 12. Bd3 e5 13. dxc5 Qxc5 14. e4 dxe4 15. Nxe4 Nxe4 16. Bxe4 Rad8 17. Qc2 h6 18. Bxc6 Bxc6 19. Nxe5 Bb7 20. Rad1 Rxd1 21. Qxd1 Re8 22. Nd3 Rxe1+ 23. Nxe1 Qe5 24. Nc2 Bd5 25. a3 Bb3 26. Qd8+ Kh7 27. Ne3 Qe4 28. Qd2 f5 29. f3 Qb1+ 30.
Kh2 f4 31. Ng4 Qf5 32. Qd4 h5 33. Nf2 Bc2 34. Ne4 Qg6 35. Kg1 Kh6 36. Nd6 Qg3 37. Qd2 Bg6 38. Nc4 Bf5 39. Qf2 Qg5 40. Ne5 Qf6 41.
Qd4 Kh7 42. Qxf4 g5 43. Qd4 Qe6 44. g4 hxg4 45. hxg4 Bb1 46. Kf2 Qf6 47. Qe3 Qh6 48.
Ke1 Qh1+ 49. Kd2 Qh2+ 50. Qe2 Qf4+ 51. Kd1 Ba2 52. Nd3 Bb3+ 53. Ke1 Qg3+ 54. Qf2 Qh3 55.
Qe3 Qh1+ 56. Kd2 Qd1# 0-1

[Event "*** SCC Grand Prix: Titled Tuesday Blitz"]
[Site "Chess.com"]
[Date "2020.07.14"]
[Round "8"]
[White "Vse_po_kaify"]
[Black "Alopekos"]
[Result "0-1"]
[WhiteElo "2024"]
[BlackElo "2350"]
[TimeControl "180+1"]
[EndTime "11:35:11 PDT"]
[Termination "Alopekos won by resignation"]

1. e4 c5 2. Nf3 e6 3. d4 cxd4 4. Nxd4 Nc6 5. Nc3 Qc7 6. Be3 a6 7. f3 Nf6 8. Qd2 Bb4 9. O-O-O O-O 10. g4 b5 11. h4 Ne5 12. h5 Bb7 13. g5 Ne8 14. Bf4 Rc8 15. Nde2 d6 16. Bxe5 dxe5 17. a3 Bc5 18. Kb1 Nd6 19. Ng3 Rfd8 20. Qg2 b4 21. axb4 Bxb4 22. Nge2 Nc4 23. Rxd8+ Rxd8 24. g6 Nd2+ 25.
Kc1 Qa5 0-1

[Event "*** SCC Grand Prix: Titled Tuesday Blitz"]
[Site "Chess.com"]
[Date "2020.07.14"]
[Round "8"]
[White "jannat65"]
[Black "Alexandercs432"]
[Result "0-1"]
[WhiteElo "1809"]
[BlackElo "2089"]
[TimeControl "180+1"]
[EndTime "11:35:11 PDT"]
[Termination "Alexandercs432 won by resignation"]

1. e4 c5 2. Nf3 e6 3. d4 cxd4 4. Nxd4 Nc6 5. Nc3 Qc7 6. Be3 a6 7. a3 Nf6 8. Bd3 b5 9. O-O Bb7 10. Kh1 h5 11. f4 Ng4 12. Bg1 g5 13. fxg5 Nxd4 14. Be2 Bc5 15. Bxg4 hxg4 16. Qxg4 O-O-O 17. Rac1 Rh7 18. h3 Rdh8 19. Bh2 Bd6 20. Bxd6 Qxd6 21.
Rcd1 e5 22. Ne2 Rh4 23. Rxd4 exd4 24. Qf3 Bxe4 25. Qf2 Rxh3+ 0-1

[Event "*** SCC Grand Prix: Titled Tuesday Blitz"]
[Site "Chess.com"]
[Date "2020.07.14"]
[Round "8"]
[White "abykhovsky"]
[Black "SamuelGhimpu2003"]
[Result "1-0"]
[WhiteElo "2721"]
[BlackElo "2598"]
[TimeControl "180+1"]
[EndTime "11:35:13 PDT"]
[Termination "abykhovsky won by resignation"]

1. d4 Nf6 2. Nf3 e6 3. c4 d5 4. Nc3 c6 5. Bg5 dxc4 6. e4 b5 7. e5 h6 8. Bh4 g5 9. Nxg5 hxg5 10. Bxg5 Nbd7 11. exf6 Bb7 12. g3 c5 13. d5 Nb6 14.
Bg2 b4 15. Ne4 Bxd5 16. O-O Qc7 17. a3 O-O-O 18. Qe2 Kb7 19. axb4 cxb4 20. Ra5 Qc6 21. Rfa1 Ra8 22. Bf4 a6 23. h4 c3 24. bxc3 bxc3 25. Rxa6 Bb4 26. h5 Nc4 27. Rxc6 Rxa1+ 28. Kh2 Kxc6 29.
Nxc3 Kc5 30. Nxd5 exd5 31. Qe7+ Kb5 32. Qxf7 d4 33. Qd5+ Bc5 34. Bf3 Ra3 1-0

[Event "*** SCC Grand Prix: Titled Tuesday Blitz"]
[Site "Chess.com"]
[Date "2020.07.14"]
[Round "8"]
[White "elohunter1999"]
[Black "deep306"]
[Result "1-0"]
[WhiteElo "2474"]
[BlackElo "2584"]
[TimeControl "180+1"]
[EndTime "11:35:17 PDT"]
[Termination "elohunter1999 won by resignation"]

1. e4 e6 2. d4 d5 3. Nc3 Bb4 4. e5 Ne7 5. a3 Bxc3+ 6. bxc3 c5 7.
Qg4 cxd4 8. Qxg7 Rg8 9. Qxh7 Qc7 10. Ne2 Nbc6 11. f4 Bd7 12. h4 dxc3 13. h5 d4 14. h6 O-O-O 15. Qd3 Nd5 16. h7 Rh8 17. Nxd4 Nxd4 18. Qxd4 Kb8 19. Qf2 Qa5 20. Rb1 Bc6 21.
Bd3 Nxf4 22. Qxf4 Rxd3 23. cxd3 c2+ 24. Rb4 Bxg2 25. Qf6 Rc8 26. h8=Q Bxh1 27. Qxh1 b6 28. Qe4 Qc5 29. Qd4 1-0

[Event "*** SCC Grand Prix: Titled Tuesday Blitz"]
[Site "Chess.com"]
[Date "2020.07.14"]
[Round "8"]
[White "Flawless_Fighter"]
[Black "bazar-wokzal"]
[Result "0-1"]
[WhiteElo "2552"]
[BlackElo "2458"]
[TimeControl "180+1"]
[EndTime "11:35:18 PDT"]
[Termination "bazar-wokzal won by resignation"]

1. e4 Nc6 2. Nf3 d5 3. exd5 Qxd5 4. Nc3 Qa5 5. Be2 Bg4 6. h3 Bh5 7. O-O O-O-O 8. d3 Nf6 9. a3 e5 10. Qd2 h6 11. b4 Bxb4 12. axb4 Qxa1 13. b5 Bxf3 14.
Bxf3 Nd4 15. Bd1 Rhe8 16. Re1 Kb8 17. Ne4 Nxe4 18. Rxe4 f5 19. Re1 e4 20. c3 Nxb5 21. Bb2 Qa2 22. d4 Nd6 23. Be2 Nc4 24. Bxc4 Qxc4 25.
Ra1 g5 26. Qd1 f4 27. Ra4 Qd3 28. Qa1 a6 29. Rb4 e3 30. fxe3 fxe3 31. c4 e2 32.
Qe1 Rf8 0-1

[Event "*** SCC Grand Prix: Titled Tuesday Blitz"]
[Site "Chess.com"]
[Date "2020.07.14"]
[Round "8"]
[White "Roza_Idrisova"]
[Black "rududuyk"]
[Result "1-0"]
[WhiteElo "2244"]
[BlackElo "2075"]
[TimeControl "180+1"]
[EndTime "11:35:18 PDT"]
[Termination "Roza_Idrisova won by resignation"]

1. d4 e6 2. Nf3 f5 3. g3 Nf6 4. Bg2 Be7 5. O-O O-O 6. c4 d6 7. Nc3 Ne4 8. Qc2 Nxc3 9. Qxc3 a5 10. c5 Bf6 11. cxd6 cxd6 12. Bd2 Nc6 13. Rac1 e5 14. dxe5 dxe5 15. a3 Kh8 16. Qc2 Qe8 17. Bc3 Qh5 18.
Rfd1 Be6 19. Rd6 Rae8 20. Qa4 e4 21. Bxf6 Rxf6 22. Nd4 Nxd4 23. Qxd4 Qxe2 24. Bf1 Qh5 25. Bb5 Rh6 26. h4 f4 27. Bxe8 Qxe8 28. Rd8 1-0

[Event "*** SCC Grand Prix: Titled Tuesday Blitz"]
[Site "Chess.com"]
[Date "2020.07.14"]
[Round "8"]
[White "GukeshDommaraju"]
[Black "ENEASZ"]
[Result "1-0"]
[WhiteElo "2729"]
[BlackElo "2585"]
[TimeControl "180+1"]
[EndTime "11:35:19 PDT"]
[Termination "GukeshDommaraju won by resignation"]

1. d4 Nf6 2. c4 e6 3. Nf3 d5 4. Nc3 a6 5. b3 dxc4 6. bxc4 c5 7. d5 exd5 8. cxd5 Bd6 9. a4 O-O 10. g3 Re8 11. Bg2 Bf5 12. O-O Ne4 13. Bb2 Nd7 14.
a5 Rc8 15. Nh4 Nxc3 16. Bxc3 Be4 17. Bxe4 Rxe4 18. Nf5 Be5 19. Bxe5 Nxe5 20. f3 Rb4 21. e4 c4 22. Qd4 f6 23. d6 Nc6 24. Qd5+ Kh8 25. d7 Rc7 26. Rfd1 Ne5 27. f4 Rxd7 28.
Nd6 Nf3+ 29. Kg2 Rb2+ 30. Kxf3 h5 1-0

[Event "*** SCC Grand Prix: Titled Tuesday Blitz"]
[Site "Chess.com"]
[Date "2020.07.14"]
[Round "8"]
[White "DrVitman"]
[Black "quesfr"]
[Result "1/2-1/2"]
[WhiteElo "2461"]
[BlackElo "2211"]
[TimeControl "180+1"]
[EndTime "11:35:19 PDT"]
[Termination "Game drawn by agreement"]

1. e4 c5 2. Nc3 g6 3. d4 cxd4 4.
Qxd4 Nf6 5. Nf3 Nc6 6. Qa4 d6 7. e5 dxe5 8. Nxe5 Bg7 9. Nxc6 bxc6 10. Qxc6+ Bd7 11. Qf3 O-O 12. Be2 Qc8 13. O-O Bc6 14. Qe3 Nd5 15. Nxd5 Bxd5 16. c3 Qb7 17. f3 a5 18. b3 a4 19. Rb1 axb3 20. axb3 Rfc8 21. c4 Bxc4 22. Bxc4 Rxc4 23. bxc4 Qxb1 24. Qxe7 Bd4+ 25. Kh1 Qd3 26. Re1 Qxc4 27. Bh6 Qc8 28. h3 Bg7 29. Bxg7 Kxg7 1/2-1/2

[Event "*** SCC Grand Prix: Titled Tuesday Blitz"]
[Site "Chess.com"]
[Date "2020.07.14"]
[Round "8"]
[White "Caterpiller35"]
[Black "Ausbildung"]
[Result "1-0"]
[WhiteElo "2445"]
[BlackElo "2215"]
[TimeControl "180+1"]
[EndTime "11:35:20 PDT"]
[Termination "Caterpiller35 won by resignation"]

1. d4 g6 2. e4 Bg7 3. Nc3 d6 4. Be3 c6 5. a4 Nd7 6. Nf3 Ngf6 7. h3 Qa5 8. Nd2 e5 9. dxe5 dxe5 10.
Nc4 Qc7 11. Nd6+ Ke7 12. Nc4 Rd8 13. Qb1 Kf8 14. Qa2 Kg8 15. Be2 Nf8 16. O-O Be6 17.
Qa3 a5 18. Bb6 Qc8 19. Bxd8 Qxd8 20. Rad1 Qc8 21. Nb6 Qb8 22. Nxa8 Qxa8 23. Qd6 Ne8 24. Qd8 Qxd8 25. Rxd8 Nf6 26. Rfd1 h5 27. b3 Nd7 28. Bc4 Nc5 29. Bxe6 fxe6 30. Rb8 Kf7 31. Kf1 Ke7 32. Ke2 Nfd7 33. Ra8 Bh6 34. Rxa5 Bg5 35. b4 Na6 36.
b5 Nac5 37. bxc6 bxc6 38. Ra7 Kd8 39. a5 Kc8 40. Na4 1-0

[Event "*** SCC Grand Prix: Titled Tuesday Blitz"]
[Site "Chess.com"]
[Date "2020.07.14"]
[Round "8"]
[White "ARTHURMOTIVATOR"]
[Black "GianmarcoVaR"]
[Result "1-0"]
[WhiteElo "2347"]
[BlackElo "2492"]
[TimeControl "180+1"]
[EndTime "11:35:21 PDT"]
[Termination "ARTHURMOTIVATOR won by resignation"]

1. e4 c5 2. Nf3 d6 3. d4 cxd4 4.
Nxd4 Nf6 5. Nc3 a6 6. h3 e6 7. g4 Be7 8. Bg2 O-O 9. O-O Nc6 10.
Be3 Qc7 11. Qe2 Nd7 12. Rad1 b5 13. Nxc6 Qxc6 14. e5 d5 15. Nxd5 exd5 16. Bxd5 Qc7 17. Bxa8 Qxe5 18. Bg2 Qxb2 19. Bd4 Qa3 20. Rd3 Qb4 21. a3 Qd6 22. Bxg7 Kxg7 23. Rxd6 Bxd6 24. Rd1 Bxa3 25. Rxd7 Bxd7 26. Qd3 Rc8 27. Qxa3 Rxc2 28. Qxa6 b4 29. Qd6 b3 30. Be4 Rc1+ 31. Kh2 Be6 32. Qe5+ Kg8 33. Qg5+ Kf8 34. Qxc1 b2 35. Qxb2 1-0

[Event "*** SCC Grand Prix: Titled Tuesday Blitz"]
[Site "Chess.com"]
[Date "2020.07.14"]
[Round "8"]
[White "mirochka"]
[Black "davigator"]
[Result "0-1"]
[WhiteElo "2176"]
[BlackElo "2361"]
[TimeControl "180+1"]
[EndTime "11:35:22 PDT"]
[Termination "davigator won on time"]

1. e4 c5 2. d4 cxd4 3. c3 Nf6 4. e5 Nd5 5. Nf3 d6 6. cxd4 Nc6 7. Nc3 Nxc3 8.
bxc3 d5 9. Bd3 Bg4 10. O-O e6 11. a4 Be7 12. Bc2 Bh5 13. Ba3 Bxa3 14. Rxa3 Na5 15.
Qb1 Bxf3 16. gxf3 b6 17. Bd3 g6 18. Qb4 Qe7 19. f4 Rc8 20. Ba6 Rc7 21. Bb5+ Kf8 22.
Rd1 Kg7 23. Qxe7 Rxe7 24. c4 dxc4 25. d5 exd5 26. Rxd5 Rc8 27. Rc3 Rec7 28. Rd6 Nb7 29. Rd4 Na5 30. Rd6 Kf8 31. Kg2 Ke7 32. Kf3 Rd8 33.
Rxd8 Kxd8 34. Ke4 Ke7 35. f5 gxf5+ 36. Kxf5 Rc5 37. Ke4 Ke6 38. f4 f5+ 39. exf6 Kxf6 40. Kd4 Kf5 41. Bxc4 Kxf4 42. Rc2 Nc6+ 43. Kd3 Nb4+ 44.
Kc3 Nxc2 0-1

[Event "*** SCC Grand Prix: Titled Tuesday Blitz"]
[Site "Chess.com"]
[Date "2020.07.14"]
[Round "8"]
[White "iaraldinho"]
[Black "sasko1234"]
[Result "1-0"]
[WhiteElo "2538"]
[BlackElo "2398"]
[TimeControl "180+1"]
[EndTime "11:35:23 PDT"]
[Termination "iaraldinho won by resignation"]

1. e4 d6 2. d4 Nf6 3. Nc3 c6 4. Be3 Qa5 5. f3 e5 6. Ne2 Be7 7. Qd2 b5 8. a3 a6 9. O-O-O Qc7 10. g4 a5 11. g5 Nh5 12. h4 b4 13. Nb1 bxa3 14. Nxa3 O-O 15. Rg1 Na6 16. f4 Rb8 17. f5 Qb7 18. c3 d5 19. Nb1 dxe4 20. f6 Bd6 21. dxe5 Bxe5 22. Nd4 g6 23. Be2 Nc5 24. Qc2 Bxd4 25. Rxd4 Nd3+ 26. Bxd3 exd3 27. Qd2 Bf5 28. Na3 Rfe8 29. Nc4 Qb3 30. Re1 Qa2 31. Na3 Rb3 32.
Nb1 Reb8 33. Bf2 Be6 34. Rxd3 Nf4 35. Rd8+ 1-0

[Event "*** SCC Grand Prix: Titled Tuesday Blitz"]
[Site "Chess.com"]
[Date "2020.07.14"]
[Round "8"]
[White "Eternauta2400"]
[Black "GadimbayliA"]
[Result "0-1"]
[WhiteElo "2717"]
[BlackElo "2880"]
[TimeControl "180+1"]
[EndTime "11:35:26 PDT"]
[Termination "GadimbayliA won by resignation"]

1. c4 e5 2. Nc3 Nf6 3. Nf3 Nc6 4. e4 Bc5 5. Nxe5 Nxe5 6. d4 Bb4 7. dxe5 Nxe4 8.
Qf3 Nxc3 9. bxc3 Be7 10. Qg3 Kf8 11. Bf4 g5 12. Be3 h5 13. O-O-O c6 14. Kb1 Qa5 15. Bc1 b5 16. c5 b4 17. Bc4 bxc3 18.
Qf3 Rh7 19. Bb3 Rb8 20. e6 Qxc5 21. exd7 c2+ 22. Ka1 cxd1=Q 23. Rxd1 Bxd7 24. Bb2 Bg4 25. Qd3 Qf5 26. Qg3 Rxb3 27. Qxb3 Qe6 28. Qc2 Bxd1 29.
Qxd1 Qd5 30. Qc2 Rh6 0-1

[Event "*** SCC Grand Prix: Titled Tuesday Blitz"]
[Site "Chess.com"]
[Date "2020.07.14"]
[Round "8"]
[White "Fischerev7"]
[Black "Chigorinetz"]
[Result "0-1"]
[WhiteElo "2371"]
[BlackElo "2527"]
[TimeControl "180+1"]
[EndTime "11:35:26 PDT"]
[Termination "Chigorinetz won on time"]

1. e4 c5 2. Nf3 Nc6 3. d4 cxd4 4. Nxd4 g6 5. c4 Bg7 6. Be3 Nf6 7. Nc3 Ng4 8. Qxg4 Nxd4 9. Qd1 Ne6 10. Bd3 Qa5 11. O-O Bxc3 12. bxc3 Qxc3 13. f4 d6 14. Rc1 Qa3 15. Qd2 Bd7 16. f5 Nc5 17. Bb1 f6 18.
Bd4 O-O-O 19. Rf3 Qa6 20. Qb2 Bc6 21. Ra3 Qb6 22. Qe2 a6 23. Bc2 Qc7 24. Kh1 Rhg8 25. fxg6 Rxg6 26. Rh3 Rdg8 27. Rg1 Ne6 28. Be3 R6g7 29.
e5 Rxg2 0-1

[Event "*** SCC Grand Prix: Titled Tuesday Blitz"]
[Site "Chess.com"]
[Date "2020.07.14"]
[Round "8"]
[White "Kolle05"]
[Black "Titus369"]
[Result "0-1"]
[WhiteElo "2377"]
[BlackElo "2524"]
[TimeControl "180+1"]
[EndTime "11:35:27 PDT"]
[Termination "Titus369 won by resignation"]

1. e4 c5 2. Nf3 d6 3. d3 Nf6 4. g3 Nc6 5. Bg2 a6 6. O-O e6 7. Re1 Be7 8. c3 O-O 9. d4 b5 10. a4 Bb7 11. Qe2 cxd4 12. cxd4 Na5 13. Nbd2 bxa4 14. Rxa4 Bc6 15. Ra1 Bb5 16. Qe3 Nc6 17.
b3 Nb4 18. Qc3 d5 19. e5 Rc8 20. Qb2 Nd3 21. Qb1 Nxe1 22. Nxe1 Nd7 23. f4 Qb6 24. Nef3 Rc3 25. Bb2 Bd3 26. Qa2 Rc2 27. Rd1 Bb4 28. Kf2 Bc3 29. Ne1 Rxb2 0-1